 Dungeon Crawl Stone Soup version 0.31-a0-358-gac0dbeb3ab (webtiles) character file.

Game seed: 6684989027580747799

13775 senseless the Covert (level 12, -3/81 HPs)
             Began as an Octopode Shapeshifter on July 25, 2023.
             Was an Elder of Dithmenos.
             Killed from afar by a swamp worm (10 damage)
             ... with a harpoon shot
             ... in a Gauntlet.
             The game lasted 00:29:04 (10094 turns).

senseless the Covert (Octopode Shapeshifter)       Turns: 10094, Time: 00:29:05

Health: -3/81      AC:  5    Str: 15    XL:     12   Next: 9%
Magic:  12/12      EV: 25    Int: 10    God:    Dithmenos [****..]
Gold:   323        SH:  0    Dex: 29    Spells: 11/11 levels left

rFire   x . .        F - +5 falchion (freeze)
rCold   + + .        (no shield)
rNeg    . . .        (helmet currently unavailable)
rPois   +            G - amulet of regeneration
rElec   .            l - +5 ring of evasion
rCorr   .            s - ring "Apisch" {Ice rPois}
SInv    .            d - +6 ring of dexterity
Will    +....        k - +4 ring of protection
Stlth   +++++++++    m - ring of protection from cold
HPRegen 1.13/turn    H - ring of willpower
MPRegen 0.13/turn    J - +6 ring of dexterity
                     (no ring)

%: no teleportation
@: beast-form, wreathed by umbra
A: beast (slay +6), almost no armour, amphibious, 8 rings, camouflage 1,
gelatinous body 1, (nimble swimmer 1), tentacles
a: Begin Untransformation, Renounce Religion, Shadow Step


You were in a Gauntlet.
You worshipped Dithmenos.
Dithmenos was greatly pleased with you.
You were a hulking beast.
You visited 2 branches of the dungeon, and saw 13 of its levels.
You also visited: Sewer and Gauntlet.

You collected 683 gold pieces.
You spent 360 gold pieces at shops.

Inventory:

Hand Weapons
 c - a +3 short sword of venom
 i - a +0 dagger of flaming
 j - a +0 dagger of venom
 w - a +3 quarterstaff of chaos
 F - a +5 falchion of freezing (weapon)
Missiles
 t - 4 throwing nets
Armour
 y - a +1 hat
Jewellery
 d - a +6 ring of dexterity (on tentacle)
 k - a +4 ring of protection (on tentacle)
 l - a +5 ring of evasion (left tentacle)
 m - a ring of protection from cold (on tentacle)
 o - an amulet of the acrobat
 s - the ring "Apisch" (right tentacle) {Ice rPois}
   (You bought it in a shop on level 2 of the Dungeon)

   [ring of ice]

   It enhances your ice magic.
   rF:        It makes you vulnerable to fire.
   rC:        It protects you from cold.
   rPois:     It protects you from poison.
 G - an amulet of regeneration (around mantle)
 H - a ring of willpower (on tentacle)
 J - a +6 ring of dexterity (on tentacle)
Talismans
 b - a beast talisman
Wands
 r - a wand of polymorph (5)
 A - a wand of charming (25)
 E - a wand of iceblast (15)
Scrolls
 f - 4 scrolls of enchant weapon
 h - 4 scrolls of enchant armour
 q - a scroll of revelation
 u - 4 scrolls of identify
 C - a scroll of silence
 I - 2 scrolls of fear
Potions
 a - a potion of invisibility
 e - 5 potions of enlightenment
 g - a potion of might
 n - 3 potions of mutation
 p - 9 potions of curing
 v - a potion of haste
 x - 2 potions of heal wounds
 z - a potion of cancellation
 B - 3 potions of resistance
 D - a potion of ambrosia


   Skills:
 + Level 7.5 Fighting
 - Level 6.0(6.5) Short Blades
 + Level 3.9(5.5) Long Blades
 + Level 7.4 Dodging
 + Level 10.3 Stealth
 + Level 7.9 Unarmed Combat
 * Level 9.2 Shapeshifting


You had 11 spell levels left.
You didn't know any spells.
Your spell library contained the following spells:

 Spells                   Type           Power      Damage    Failure   Level
 Apportation              Tloc           0%         N/A       36%         1
 Kiss of Death            Conj/Necr      0%         2d5       36%         1
 Slow                     Hex            0%         N/A       36%         1
 Summon Small Mammal      Summ           0%         N/A       36%         1
 Blink                    Tloc           0%         N/A       50%         2
 Lesser Beckoning         Tloc           0%         N/A       50%         2
 Momentum Strike          Conj/Tloc      0%         3d8       50%         2
 Call Canine Familiar     Summ           0%         N/A       75%         3
 Confusing Touch          Hex            0%         N/A       75%         3
 Summon Guardian Golem    Hex/Summ       0%         N/A       75%         3
 Vampiric Draining        Necr           0%         2d6       75%         3
 Dispel Undead            Necr           0%         3d6       98%         4
 Alistair's Intoxication  Tmut/Pois      0%         N/A       100%        5


Dungeon Overview and Level Annotations

Branches:
Dungeon (12/15)            Temple (1/1) D:6            Lair (0/5) D:9
    Orc (0/2) D:9           Sewer (visited)         Gauntlet (1/1)

Altars:
Ashenzari
Cheibriados
Dithmenos
Elyvilon
Fedhas
Gozag
Hepliaklqana
Kikubaaqudgha
Makhleb
Nemelex Xobeh
Okawaru
Qazlal
Ru
Sif Muna
Trog
Uskayaw
Vehumet
Wu Jian
Xom
Yredelemnul
Zin
The Shining One

Shops:
D:1 !   D:2 *   D:6 ![[([!   D:11 *

Annotations:
Gauntlet 1 transporter


Innate Abilities, Weirdness & Mutations

You are a hulking beast.
Your limbs bulge with bestial killing power. (Slay +6)
You cannot wear most types of armour.
You are amphibious.
You can wear up to eight rings at the same time.
Your skin changes colour to match your surroundings (Stealth+).
Your rubbery body absorbs attacks. (AC +1, EV +1)
((You are camouflaged when in or above water. (Stealth+)))
You have tentacles for arms and can constrict up to eight enemies at once.


Message History

The tyrant leech barely misses you.
You closely miss the tyrant leech.
The tyrant leech is heavily wounded.
The tyrant leech bites you!!
The tyrant leech draws strength from your injuries!
You are too injured to fight recklessly!
You are too injured to fight recklessly!
You are too injured to fight recklessly!
You miss the tyrant leech.
The tyrant leech is moderately wounded.
The tyrant leech completely misses you.
You hit the tyrant leech. You freeze the tyrant leech.
The tyrant leech is moderately wounded.
You slash the tyrant leech! You freeze the tyrant leech.
Your squeeze misses the tyrant leech.
The tyrant leech is heavily wounded.
The tyrant leech completely misses you.
You hit the tyrant leech but do no damage.
The tyrant leech is heavily wounded.
The tyrant leech bites you!
* * * LOW HITPOINT WARNING * * *
The tyrant leech draws strength from your injuries!
You closely miss the tyrant leech.
The tyrant leech is moderately wounded.
The tyrant leech misses you.
You hit the tyrant leech. You freeze the tyrant leech.
You squeeze the tyrant leech.
The tyrant leech is heavily wounded.
The tyrant leech bites you!!
* * * LOW HITPOINT WARNING * * *
The tyrant leech draws strength from your injuries!
You slash the tyrant leech! You freeze the tyrant leech.
The tyrant leech is almost dead.
The tyrant leech misses you.
You slash the tyrant leech! You freeze the tyrant leech.
You kill the tyrant leech!
Dithmenos accepts your kill.
The swamp worm fires a harpoon shot at you.
The harpoon shot hits you!
You die...

≈#≈#.............#
.......∩..8..∩....
...8......©......8
.....###########..
##...#.........#..
.#...#.##...##.#..
.#...#. .###.# #..
.#...#..##.##..#..
.#.8.#.w†h©....#.8
...#..##†##..#..
...#. ### #.. ...#
... . ...


?©◎= .. ###### . #.©.#.. .#...#... You could see a swamp worm.

Vanquished Creatures
  The ghost of Nonseq the Martial Artist, a journeyman OpSh of Wu Jian (D:8)
  A two-headed ogre (D:10)
  A boulder beetle (D:11)
  Pikel (D:5)
  An ugly thing (D:12)
  2 cyclopes (D:11)
  4 kobold demonologists
  3 trolls
  2 hornets (D:8)
  Grinder (D:3)
  A tyrant leech (Gauntlet)
  Sigmund (D:6)
  2 shadows
  13 yaks
  2 wraiths
  A wyvern (D:7)
  A steam dragon (D:7)
  Eustachio (D:6)
  A warg (D:8)
  2 swamp worms (Gauntlet)
  2 water moccasins
  An ice beast (D:7)
  A black bear (D:6)
  7 orc warriors
  3 ogres
  2 centaurs
  A phantom (D:7)
  A lemure (D:5)
  8 kobold brigands
  4 bullfrogs
  2 scorpions
  A gnoll sergeant (D:6)
  5 wights (D:8)
  15 killer bees
  3 howler monkeys (D:7)
  7 orc priests
  2 jellies
  4 hounds
  A gnoll bouda (D:7)
  Crazy Yiuf (D:3)
  2 iguanas
  10 orc wizards
  Terence (D:2)
  Robin (D:2)
  15 gnolls
  8 adders
  A shadow imp (D:6)
  A white imp (D:5)
  An ufetubus (D:6)
  4 worms
  5 dart slugs
  39 orcs
  6 bats
  5 endoplasms
  3 giant cockroaches
  18 goblins
  11 hobgoblins
  5 jackals
  A quokka (D:4)
  10 ball pythons
  4 frilled lizards
  35 kobolds
  8 rats
307 creatures vanquished.

Notes
Turn   | Place    | Note
-------+----------+-------------------------------------------
     0 | D:1      | senseless the Octopode Shapeshifter began the quest for the
                  | Orb.
     0 | D:1      | Reached XP level 1. HP: 13/13 MP: 1/1
    36 | D:1      | Found Jyfeid's Distillery.
    76 | D:1      | Reached XP level 2. HP: 18/18 MP: 2/2
    81 | D:1      | Found a faded altar of an unknown god.
    94 | D:1      | Prayed at the altar of an unknown god.
    94 | D:1      | Became a worshipper of Ru the Awakened
    95 | D:1      | Fell from the grace of Ru
   550 | D:1      | Reached skill level 1 in Stealth
   550 | D:1      | Reached XP level 3. HP: 8/23 MP: 3/3
  1112 | D:2      | Noticed Robin
  1137 | D:2      | Killed Robin
  1151 | D:2      | Reached skill level 1 in Short Blades
  1160 | D:2      | Reached XP level 4. HP: 22/29 MP: 4/4
  1232 | D:2      | Noticed Terence
  1241 | D:2      | Killed Terence
  1297 | D:2      | Found a sparkling altar of Nemelex Xobeh.
  1373 | D:2      | Found Paqia's Assorted Antiques.
  1620 | D:2      | Bought a crude lapis lazuli ring for 120 gold pieces
  1620 | D:2      | Identified the ring "Apisch" {Ice rPois} (You bought it in
                  | a shop on level 2 of the Dungeon)
  1850 | D:3      | Reached skill level 2 in Stealth
  1854 | D:3      | Noticed Grinder
  1864 | D:3      | Paralysed by Grinder for 3 turns
  1877 | D:3      | Killed Grinder
  1878 | D:3      | Reached skill level 3 in Stealth
  1878 | D:3      | Reached XP level 5. HP: 28/35 MP: 5/5
  1878 | D:3      | Reached XP level 6. HP: 33/41 MP: 6/6
  2571 | D:3      | Found a runed translucent door.
  2572 | D:3      | Noticed Crazy Yiuf
  2581 | D:3      | Killed Crazy Yiuf
  2630 | D:4      | Found a glowing drain.
  2678 | Sewer    | Entered a sewer
  2693 | Sewer    | Reached XP level 7. HP: 45/45 MP: 7/7
  2788 | Sewer    | Found a white marble altar of Elyvilon.
  2880 | D:2      | Bought a hat for 96 gold pieces
  2965 | D:4      | Found a sacrificial altar of Ru.
  2965 | D:4      | Found a snail-covered altar of Cheibriados.
  3346 | D:4      | Reached skill level 4 in Stealth
  3927 | D:5      | Entered Level 5 of the Dungeon
  4163 | D:5      | Reached XP level 8. HP: 50/52 MP: 8/8
  4273 | D:2      | Bought an opal ring for 120 gold pieces
  4535 | D:5      | Reached skill level 5 in Shapeshifting
  4656 | D:2      | Bought a scroll labelled BOS HEOCSU for 24 gold pieces
  4847 | D:5      | Noticed Pikel
  4860 | D:5      | Killed Pikel
  4861 | D:5      | Reached skill level 5 in Stealth
  4861 | D:5      | Reached skill level 5 in Unarmed Combat
  5069 | D:6      | Found Oghaost's Armour Shop.
  5102 | D:6      | Noticed Eustachio
  5108 | D:6      | Killed Eustachio
  5109 | D:6      | Reached XP level 9. HP: 49/58 MP: 9/9
  5139 | D:6      | Noticed Sigmund
  5147 | D:6      | Killed Sigmund
  5170 | D:6      | Found Kiurch's Weapon Shop.
  5174 | D:6      | Reached skill level 6 in Stealth
  5222 | D:6      | Found Utuaguic's Distillery.
  5524 | D:6      | Reached skill level 5 in Dodging
  5526 | D:6      | Found Qorchoc's Distillery.
  5665 | D:6      | Found Waogur's Antique Armour Boutique.
  5678 | D:6      | Reached skill level 5 in Fighting
  5708 | D:6      | Found Emitt's Antique Armour Boutique.
  5739 | D:6      | Found a staircase to the Ecumenical Temple.
  5813 | Temple   | Entered the Ecumenical Temple
  5835 | Temple   | Became a worshipper of Dithmenos the Shadowed
  6073 | D:6      | Found a bloodstained altar of Trog.
  6157 | D:7      | Reached skill level 7 in Stealth
  6175 | D:7      | Reached skill level 5 in Short Blades
  6286 | D:7      | Reached XP level 10. HP: 25/66 MP: 10/10
  6506 | D:7      | Identified the +2 leather armour "Loep" {-Tele rElec rCorr
                  | Dex+3}
  6583 | D:7      | Reached * piety under Dithmenos
  6705 | D:7      | Found a hide-covered altar of Uskayaw.
  6941 | D:8      | Noticed a kobold demonologist
  6962 | D:8      | Killed a kobold demonologist
  7232 | D:8      | Reached skill level 8 in Stealth
  7292 | D:8      | Reached ** piety under Dithmenos
  7477 | D:8      | Found a shimmering altar of Xom.
  7889 | D:9      | Paralysed by a hornet for 3 turns
  8210 | D:9      | Identified the +0 scale mail of the Original Sin {rF+}
  8319 | D:9      | Found a staircase to the Orcish Mines.
  8358 | D:9      | Reached XP level 11. HP: 73/73 MP: 11/11
  8362 | D:9      | Reached skill level 1 in Long Blades
  8391 | D:9      | Found a staircase to the Lair.
  8656 | D:9      | Found a runed translucent gate.
  8656 | D:9      | Found a runed translucent gate.
  8656 | D:9      | Found a runed translucent gate.
  8657 | D:9      | Noticed Nonseq's ghost (journeyman OpSh)
  8672 | D:9      | Reached skill level 9 in Stealth
  8821 | D:9      | Identified the +2 plate armour of Blue Wonder {Will+ Int+3}
  8909 | D:8      | Killed Nonseq's ghost
  9013 | D:10     | Entered Level 10 of the Dungeon
  9028 | D:10     | Reached *** piety under Dithmenos
  9120 | D:10     | Noticed a two-headed ogre
  9130 | D:10     | Killed a two-headed ogre
  9486 | D:11     | Noticed a cyclops
  9486 | D:11     | Found Neny Kig's General Store.
  9488 | D:11     | Killed a cyclops
  9550 | D:11     | Noticed a cyclops
  9556 | D:11     | Killed a cyclops
  9629 | D:11     | Noticed a boulder beetle
  9697 | D:11     | Killed a boulder beetle
  9819 | D:11     | Noticed a manticore
  9857 | D:11     | Reached skill level 10 in Stealth
  9876 | D:11     | Reached XP level 12. HP: 73/81 MP: 12/12
  9973 | D:11     | You fall into a shaft and drop 1 floor!
 10063 | D:12     | Found a gate leading to a gauntlet.
 10072 | Gauntlet | Entered a Gauntlet
 10072 | Gauntlet | Found a transporter.
 10076 | Gauntlet | Found a transporter.
 10080 | Gauntlet | Reached **** piety under Dithmenos
 10092 | Gauntlet | HP: 4/81 [tyrant leech (22)]
 10094 | Gauntlet | Killed from afar by a swamp worm

Illustrated notes

Levels and vault maps discovered:
D:1:      kennysheep_arrival_forest, layout_basic, serial_shops, shop,
          ebering_ecumenical_altar_ruins
D:2:      layout_basic, serial_shops, nicolae_shop_behind_doors, basic_altar,
          uniq_robin, uniq_terence
D:3:      layout_rooms, st_stairs_1, nicolae_titane, uniq_grinder,
          uniq_crazy_yiuf_cottage
D:4:      layout_loops_corners, gammafunk_temple_overflow_wave,
          cheibrodos_sewer_entry_sluice
D:5:      layout_gridville, uniq_pikel
D:6:      nicolae_cairo_tiling_large, layout_cave_pools,
          mainiacjoe_overflow_alcove_4, temple_hall_moat, serial_shops,
          shop_statue, kennysheep_little_box, shop, nicolae_stop_n_shop_1,
          nicolae_shop_industrial_runoff, minmay_shop_grid_forest,
          chequers_serial_rivers_marsh, roderic_serpentine_path, uniq_eustachio,
          uniq_sigmund
D:7:      layout_loops_ring, nicolae_uskayaw_dance_studio
D:8:      layout_loops_ring, tgw_xom
D:9:      layout_irregular_city, grunt_lair_entry_orc_guard_hut, orc_0_dummy,
          biasface_ghost_orc_armoury, feat_on_display
D:10:     layout_cave_pools, minmay_misc_feat_alley
D:11:     layout_rooms, serial_shops, nicolae_stop_n_shop_1, kennysheep_dice
D:12:     layout_roguey, gauntlet_entry_generic, kiku_gazebo_pond_becter
Temple:   bh_familiar_temple
Gauntlet: minmay_gauntlet_mixed_oops_all_seconds
          [minmay_gauntlet_arena_77_museum, gammafunk_gauntlet_arena_corners,
          minmay_gauntlet_arena_77_shame_cube, gammafunk_gauntlet_arena_grid,
          minmay_gauntlet_arena_77_p_blocks, gammafunk_gauntlet_arena_mazey,
          gauntlet_exit_green]

Skill      XL: |  1  2  3  4  5  6  7  8  9 10 11 |
---------------+----------------------------------+-----
Stealth        | 1 3 4 5 7 8 10 | 10.3
Short Blades   | 1 2 3 4 5 6 |  6.0
Fighting       | 2 3 4 5 6 7 |  7.5
Shapeshifting  | 4 5 6 7 9 |  9.2
Dodging        | 3 4 5 6 7 |  7.4
Unarmed Combat | 4 5 6 7 |  7.9
Long Blades    | 3 |  3.9

Action                     |  1- 3 |  4- 6 |  7- 9 | 10-12 || total
---------------------------+-------+-------+-------+-------++-------
  Melee: Unarmed           |     6 |       |       |       ||     6
         Constrict         |    17 |    24 |    49 |    47 ||   137
         Short sword       |    52 |    89 |   180 |   126 ||   447
         Tentacles         |    11 |    19 |    48 |    77 ||   155
         Punch             |     1 |     4 |    12 |    32 ||    49
         Falchion          |       |       |       |   195 ||   195
 Invoke: Renounce Religion |     1 |       |       |       ||     1
    Use: Potion            |       |     1 |       |     1 ||     2
         Scroll            |       |       |    13 |     7 ||    20
   Stab: Sleeping          |     7 |     4 |    24 |    29 ||    64
         Distracted        |       |     1 |     1 |     2 ||     4
 Armour: Skin              |     5 |     9 |    20 |    28 ||    62
  Dodge: Dodged            |    41 |    55 |   141 |   366 ||   603

Table legend: (Time is in decaauts)
 A = Elapsed time spent in this place.
 B = Non-inter-level travel time spent in this place.
 C = Inter-level travel time spent in this place.
 D = Time resting spent in this place.
 E = Time spent auto-exploring this place.
 F = Levels seen in this place.
 G = Mean time per level.
                   A        B        C        D        E       F      G
               +--------+--------+--------+--------+--------+-----+--------+
         Total |  10037 |   9140 |    897 |    477 |   6757 |  15 |  669.1 |
       Dungeon |   9827 |   8971 |    856 |    477 |   6684 |  12 |  818.9 |
        Temple |     43 |      2 |     41 |      0 |      0 |   1 |   43.0 |
         Sewer |    144 |    144 |      0 |      0 |     73 |   1 |  144.0 |
      Gauntlet |     21 |     21 |      0 |      0 |      0 |   1 |   21.0 |
               +--------+--------+--------+--------+--------+-----+--------+

Top non-repeatable levels by time:
     D:8: 1237 daAuts
     D:4: 1228 daAuts
     D:6: 1116 daAuts
     D:1: 1006 daAuts
     D:2: 928 daAuts
     D:3: 909 daAuts
     D:9: 833 daAuts
     D:5: 817 daAuts
     D:7: 692 daAuts
    D:11: 488 daAuts
    D:10: 468 daAuts
   Sewer: 144 daAuts
    D:12: 98 daAuts
  Temple: 43 daAuts
Gauntlet: 21 daAuts
